Map: Orbital Shipyard

Players

MorN

  • Race: Terran Terran
  • League: Master

Apocalypse - Winner!

  • Race: Protoss Protoss
  • League: Master

VOD

Have the link to the VOD?

Description

Time

  • Played on: Dec. 2, 2015, 1:33 p.m.
  • Length: 7:56
Show
View Real Time Build Order
Export as new Build Order

MorN Terran 

Build Orders:  

Get SALT Encoding   

  12  0:00  SCV  
  13  0:13  SCV  
  14  0:17  Supply Depot  
  14  0:25  SCV  
  15  0:39  SCV  
  15  0:40  Barracks  
  16  0:44  Refinery  
  16  0:51  SCV  
  17  1:03  SCV  
  18  1:15  SCV  
  19  1:29  Marine  
  19  1:30  Orbital Command  
  20  1:43  Command Center  
  20  1:58  Marine  
  20  1:59  Factory  
  21  2:03  SCV  
  22  2:15  SCV  
  23  2:16  Supply Depot  
  23  2:38  SCV, Marine  
  23  2:43  Factory Tech Lab, Barracks  
  25  2:50  SCV  
  26  2:55  Orbital Command  
  26  2:56  Marine  
  27  3:03  SCV  
  28  3:06  Cyclone, Refinery  
  31  3:15  SCV  
  31  3:16  Bunker  
  32  3:23  Marine  
  32  3:24  SCV  
  33  3:32  Marine  
  33  3:34  Barracks  
  33  3:35  Bunker  
  33  3:37  SCV  
  33  3:40  Marine  
  35  3:46  Cyclone  
  38  3:50  Supply Depot  
  38  3:51  Supply Depot  
  38  4:13  SCV, Marine x2  
  38  4:14  Supply Depot  
  38  4:30  Marine  
  37  4:41  Stimpack  
  34  4:46  Factory Reactor  
  34  4:51  Marine x2  
  34  4:52  Marine  
  36  4:53  SCV x2  
  36  4:58  Engineering Bay  
  38  5:05  SCV x2  
  40  5:09  Marine x2  
  40  5:12  Marauder  
  40  5:27  SCV x2, Marine x2  
  44  5:32  Starport  
  44  5:38  Factory Reactor  
  44  5:39  SCV  
  42  5:45  Marine  
  42  5:46  Marauder  
  42  5:48  SCV  
  45  5:51  SCV  
  45  5:54  Bunker  
  45  5:55  Supply Depot  
  45  5:56  Supply Depot  
  46  5:59  Marine x2  
  46  6:01  SCV  
  49  6:23  Factory Reactor  
  49  6:25  Medivac x2  
  49  6:26  Barracks Tech Lab, Marauder, Marine x2  
  49  6:29  SCV x2  
  59  6:41  SCV x2  
  59  6:46  Refinery, Marine  
  59  6:47  Marine  
  61  6:48  Marauder x2  
  61  6:53  SCV x2  
  69  6:58  Command Center  
  69  7:05  SCV  
  65  7:13  SCV  
  66  7:17  SCV, Marine, Marauder  
  70  7:39  Supply Depot  
  70  7:40  SCV  
  70  7:41  SCV  
  63  7:52  Supply Depot  
Show
View Real Time Build Order
Export as new Build Order

Apocalypse Protoss - Winner!

Build Orders:  

Get SALT Encoding   

  12  0:01  Probe (Chrono Boost)  
  13  0:11  Probe (Chrono Boost)  
  14  0:18  Pylon  
  14  0:22  Probe (Chrono Boost)  
  15  0:36  Probe (Chrono Boost)  
  15  0:37  Gateway  
  16  0:47  Probe (Chrono Boost), Assimilator  
  17  0:55  Gateway  
  17  0:58  Probe (Chrono Boost)  
  18  1:08  Probe (Chrono Boost)  
  19  1:19  Probe (Chrono Boost)  
  20  1:26  Cybernetics Core  
  20  1:29  Probe (Chrono Boost)  
  22  1:40  Probe (Chrono Boost)  
  22  1:47  Pylon  
  22  1:50  Probe (Chrono Boost)  
  23  2:05  Stalker x2, Probe (Chrono Boost)  
  28  2:16  Probe (Chrono Boost)  
  28  2:21  Nexus  
  29  2:28  Assimilator  
  29  2:32  Mothership Core (Chrono Boost)  
  31  2:54  Pylon  
  31  2:55  Warp Gate  
  36  3:12  Adept x2  
  36  3:13  Probe (Chrono Boost)  
  36  3:15  Pylon  
  36  3:17  Pylon  
  36  3:23  Probe (Chrono Boost)  
  37  3:34  Probe (Chrono Boost)  
  38  3:40  Probe (Chrono Boost)  
  38  3:41  Robotics Facility  
  39  3:44  Probe (Chrono Boost)  
  39  3:46  Stalker  
  40  3:54  Probe (Chrono Boost)  
  40  3:55  Probe (Chrono Boost)  
  42  3:57  Stalker  
  44  4:04  Probe (Chrono Boost)  
  44  4:05  Probe (Chrono Boost)  
  46  4:15  Probe (Chrono Boost)  
  46  4:16  Probe (Chrono Boost)  
  46  4:27  Stalker, Probe x2 (Chrono Boost)  
  46  4:28  Stalker  
  52  4:35  Gateway  
  52  4:36  Gateway  
  52  4:42  Probe x2 (Chrono Boost)  
  54  4:53  Warp Prism  
  54  4:57  Probe x2 (Chrono Boost)  
  54  5:02  Pylon x2  
  54  5:05  Assimilator  
  54  5:09  Assimilator  
  54  5:14  Probe (Chrono Boost)  
  55  5:26  Stalker x2, Probe x2 (Chrono Boost)  
  61  5:29  Immortal  
  65  5:39  Twilight Council  
  65  5:40  Forge  
  65  5:41  Pylon  
  63  5:47  Probe (Chrono Boost)  
  64  5:53  Adept x2  
  64  5:54  Adept x2  
  72  6:14  Nexus  
  72  6:17  Pylon  
  72  6:18  Mothership Core (Chrono Boost)  
  72  6:19  Pylon  
  72  6:20  Pylon  
  74  6:32  Immortal  
  78  6:36  Sentry x3  
  78  6:39  Adept  
  86  6:41  Probe  
  86  6:42  Probe  
  86  6:46  Pylon  
  88  6:53  Probe  
  88  6:54  Probe  
  90  7:06  Probe x2  
  92  7:11  Adept x4  
  100  7:18  Probe x2  
  104  7:38  Adept x4  
  104  7:44  Probe  
  109  7:51  Assimilator  
  110  7:53  Gateway  
Tags
 
Add a new tag
Caveats
  • Supply blocks, unpowered buildings, or Contaminate may cause inaccurate times.
  • Supply counts are checked every 10 seconds.